TOP OF THE 1ST |
Portland Evergreens batting - Pitching for Charleston Battery : LHP Carlos Medina
|
Pitching: LHP Carlos Medina
|
|
Batting: SHB Willie McGirt
|
0-0: Ball 1-0: Foul Ball, location: 2F 1-1: Ball 2-1: Foul Ball, location: 2F 2-2: Ball 3-2: SINGLE (Groundball, 25) (infield hit)
|
Batting: RHB Tae-cho Han
|
0-0: Called Strike 0-1: Ball 1-1: Ball 2-1: Ball 3-1: Base on Balls Willie McGirt to second
|
Batting: LHB Chris Payling
|
0-0: Fielders Choice at 2nd, 6-4 (Groundball, 6M) Willie McGirt to third
|
Batting: RHB Blaze Alexander
|
0-0: Ball 1-0: Ball 2-0: Foul Ball, location: 2F 2-1: Fly out, F8 (Flyball, 78M) Runner from 3rd tags up, SCORES, no throw
|
Batting: SHB Billy Dotson
|
0-0: Ball 1-0: Called Strike 1-1: Fielders Choice at 2nd, 6-4 (Groundball, 6)
|
Top of the 1st over - 1 run, 1 hit, 0 errors, 1 left on base; Portland 1 - Charleston 0 |
BOTTOM OF THE 1ST |
Charleston Battery batting - Pitching for Portland Evergreens : RHP Jorge Otero
|
Pitching: RHP Jorge Otero
|
|
Batting: LHB Joey Coco
|
0-0: SINGLE (Groundball, 34D)
|
Batting: LHB Datu Lesaca
|
0-0: Called Strike 0-1: Foul Ball, location: 2F 0-2: Ball 1-2: SINGLE (Groundball, 4D) Joey Coco to second Runner from 2nd tries for 3rd, SAFE, no throw
|
Batting: SHB Jasper Morrison
|
0-0: Fly out, F8 (Flyball, 8LXD) Runner from 3rd tags up, SCORES, no throw
|
Batting: LHB Spencer Powell
|
0-0: Ball 1-0: Foul Ball, location: 2F 1-1: Foul Ball, location: 2F 1-2: Ball 2-2: Strikes out swinging Throwing error on steal attempt, E2 Datu Lesaca to third
|
Batting: RHB Paco Muńóz
|
0-0: Foul Ball, location: 2F 0-1: Ball 1-1: Ball 2-1: Foul Ball, location: 2F 2-2: Foul Ball, location: 2F 2-2: Ball Error on foul ball, E3 3-2: Strikes out looking
|
Bottom of the 1st over - 1 run, 2 hits, 2 errors, 1 left on base; Portland 1 - Charleston 1 |
TOP OF THE 2ND |
Portland Evergreens batting - Pitching for Charleston Battery : LHP Carlos Medina
|
Batting: RHB Enrique Morales
|
0-0: Ball 1-0: Ball 2-0: Called Strike 2-1: SINGLE (Line Drive, 7LS)
|
Batting: RHB Nelson Jaramillo
|
0-0: Called Strike 0-1: Ball 1-1: Ball 2-1: Called Strike 2-2: SINGLE (Groundball, 6D) Enrique Morales to second
|
Batting: RHB Carlos Cardona
|
0-0: Ball 1-0: Called Strike 1-1: Ball 2-1: Foul Ball, location: 2F 2-2: Strikes out swinging
|
Batting: RHB Gabrio Campoverde
|
0-0: Fly out, F8 (Flyball, 89M)
|
Batting: SHB Willie McGirt
|
0-0: Ball 1-0: Foul Ball, location: 2F 1-1: Foul Ball, location: 2F 1-2: Ball 2-2: Ball 3-2: Ground out 6-3 (Groundball, 6)
|
Top of the 2nd over - 0 runs, 2 hits, 0 errors, 2 left on base; Portland 1 - Charleston 1 |
BOTTOM OF THE 2ND |
Charleston Battery batting - Pitching for Portland Evergreens : RHP Jorge Otero
|
Batting: LHB Vicente Gonzáles
|
0-0: Called Strike 0-1: Ball 1-1: Ball 2-1: Ball 3-1: Ground out U3 (Groundball, 34S)
|
Batting: RHB Luis Ríos
|
0-0: Ball 1-0: Ball 2-0: Foul Ball, location: 2F 2-1: Ground out 5-3 (Groundball, 5S)
|
Batting: RHB Fernando Rivera
|
0-0: DOUBLE (Flyball, 8LXD)
|
Batting: RHB Jesús Ruano
|
0-0: SINGLE (Line Drive, 6MD) Fernando Rivera to third Runner from 3rd tries for Home, SAFE, no throw
|
Batting: LHB Joey Coco
|
0-0: Ball 1-0: Called Strike 1-1: Ball 2-1: SINGLE (Groundball, 2R) (infield hit) Jesús Ruano to second
|
Batting: LHB Datu Lesaca
|
0-0: Foul Ball, location: 2F 0-1: Foul Ball, location: 2F 0-2: Ball 1-2: Ball 2-2: Foul Ball, location: 2F 2-2: Ball 3-2: Base on Balls Jesús Ruano to third Joey Coco to second
|
Batting: SHB Jasper Morrison
|
0-0: Called Strike 0-1: Fly out, F8 (Flyball, 8RS)
|
Bottom of the 2nd over - 1 run, 3 hits, 0 errors, 3 left on base; Portland 1 - Charleston 2 |
TOP OF THE 3RD |
Portland Evergreens batting - Pitching for Charleston Battery : LHP Carlos Medina
|
Batting: RHB Tae-cho Han
|
0-0: Fly out, F7 (Flyball, 7)
|
Batting: LHB Chris Payling
|
0-0: Called Strike 0-1: Ball 1-1: Called Strike 1-2: Ball 2-2: Ball 3-2: Base on Balls
|
Batting: RHB Blaze Alexander
|
0-0: Ball 1-0: Fly out, F9 (Line Drive, 9S)
|
Batting: SHB Billy Dotson
|
0-0: Ball Chris Payling is caught stealing 2nd base
|
Top of the 3rd over - 0 runs, 0 hits, 0 errors, 0 left on base; Portland 1 - Charleston 2 |
BOTTOM OF THE 3RD |
Charleston Battery batting - Pitching for Portland Evergreens : RHP Jorge Otero
|
Batting: LHB Spencer Powell
|
0-0: Ball 1-0: Ball 2-0: Swinging Strike 2-1: Swinging Strike 2-2: Foul Ball, location: 2F 2-2: Strikes out swinging
|
Batting: RHB Paco Muńóz
|
0-0: Called Strike 0-1: Swinging Strike 0-2: Strikes out swinging
|
Batting: LHB Vicente Gonzáles
|
0-0: Called Strike 0-1: Swinging Strike 0-2: Ball 1-2: Foul Ball, location: 2F 1-2: Strikes out swinging
|
Bottom of the 3rd over - 0 runs, 0 hits, 0 errors, 0 left on base; Portland 1 - Charleston 2 |
TOP OF THE 4TH |
Portland Evergreens batting - Pitching for Charleston Battery : LHP Carlos Medina
|
Batting: SHB Billy Dotson
|
0-0: Ball 1-0: Called Strike 1-1: Ball 2-1: Called Strike 2-2: Ball 3-2: Ground out 5-3 (Groundball, 56)
|
Batting: RHB Enrique Morales
|
0-0: Ball 1-0: Swinging Strike 1-1: Swinging Strike 1-2: Ground out 6-3 (Groundball, 6)
|
Batting: RHB Nelson Jaramillo
|
0-0: Called Strike 0-1: Ball 1-1: Foul Ball, location: 2F 1-2: Ground out 4-3 (Groundball, 4)
|
Top of the 4th over - 0 runs, 0 hits, 0 errors, 0 left on base; Portland 1 - Charleston 2 |
BOTTOM OF THE 4TH |
Charleston Battery batting - Pitching for Portland Evergreens : RHP Jorge Otero
|
Batting: RHB Luis Ríos
|
0-0: Foul Ball, location: 2F 0-1: Called Strike 0-2: Ball 1-2: Ball 2-2: Foul Ball, location: 2F 2-2: Ball 3-2: Strikes out looking
|
Batting: RHB Fernando Rivera
|
0-0: Called Strike 0-1: Called Strike 0-2: Strikes out swinging
|
Batting: RHB Jesús Ruano
|
0-0: Swinging Strike 0-1: Ball 1-1: Called Strike 1-2: Fly out, F3 (Popup, 3SF)
|
Bottom of the 4th over - 0 runs, 0 hits, 0 errors, 0 left on base; Portland 1 - Charleston 2 |
TOP OF THE 5TH |
Portland Evergreens batting - Pitching for Charleston Battery : LHP Carlos Medina
|
Batting: RHB Carlos Cardona
|
0-0: Ball 1-0: Ball 2-0: Ball 3-0: Base on Balls
|
Batting: RHB Gabrio Campoverde
|
0-0: Ball 1-0: Ball 2-0: Fly out, F8 (Flyball, 8LXD)
|
Batting: SHB Willie McGirt
|
0-0: Ground out 6-3 (Groundball, 6S) Carlos Cardona to second
|
Batting: RHB Tae-cho Han
|
0-0: Ball 1-0: Ball 2-0: Foul Ball, location: 2F 2-1: Ball 3-1: Base on Balls
|
Batting: LHB Chris Payling
|
0-0: Foul Ball, location: 2F 0-1: Foul Ball, location: 2F 0-2: TRIPLE (Line Drive, 78XD) Carlos Cardona scores Tae-cho Han scores
|
Batting: RHB Blaze Alexander
|
0-0: Fly out, F9 (Flyball, 9S)
|
Top of the 5th over - 2 runs, 1 hit, 0 errors, 1 left on base; Portland 3 - Charleston 2 |
BOTTOM OF THE 5TH |
Charleston Battery batting - Pitching for Portland Evergreens : RHP Jorge Otero
|
Batting: LHB Joey Coco
|
0-0: Ball 1-0: Ball 2-0: Foul Ball, location: 2F 2-1: Swinging Strike 2-2: Strikes out looking
|
Batting: LHB Datu Lesaca
|
0-0: Swinging Strike 0-1: Called Strike 0-2: Foul Ball, location: 2F 0-2: Ball 1-2: Ball 2-2: Ball 3-2: Strikes out swinging
|
Batting: SHB Jasper Morrison
|
0-0: Called Strike 0-1: Ball 1-1: Ball 2-1: SINGLE (Groundball, 4MD)
|
Batting: LHB Spencer Powell
|
0-0: Ball 1-0: Ball 2-0: Fly out, F8 (Flyball, 8LD)
|
Bottom of the 5th over - 0 runs, 1 hit, 0 errors, 1 left on base; Portland 3 - Charleston 2 |
TOP OF THE 6TH |
Portland Evergreens batting - Pitching for Charleston Battery : LHP Carlos Medina
|
Batting: SHB Billy Dotson
|
0-0: Ball 1-0: Foul Ball, location: 2F 1-1: Ball 2-1: Called Strike 2-2: Ball 3-2: Base on Balls
|
Batting: RHB Enrique Morales
|
0-0: Ball 1-0: Called Strike 1-1: Ball 2-1: Grounds into double play, 1-6-3 (Groundball, 13S)
|
Batting: RHB Nelson Jaramillo
|
0-0: Ball 1-0: DOUBLE (Flyball, 78D)
|
Pitching: RHP John Bailey
|
|
Batting: RHB Carlos Cardona
|
0-0: Ball 1-0: Ground out 4-3 (Groundball, 4)
|
Top of the 6th over - 0 runs, 1 hit, 0 errors, 1 left on base; Portland 3 - Charleston 2 |
BOTTOM OF THE 6TH |
Charleston Battery batting - Pitching for Portland Evergreens : RHP Jorge Otero
|
Pitching: LHP Shinzo Kumagai
|
|
Batting: RHB Paco Muńóz
|
0-0: Ball 1-0: Ball 2-0: Ball 3-0: Base on Balls
|
Batting: LHB Vicente Gonzáles
|
0-0: Bunt missed! 0-1: Bunted foul 0-2: Ball 1-2: Ground out U3 (Groundball, 3) Paco Muńóz to second
|
Batting: RHB Luis Ríos
|
0-0: Ball 1-0: Ball 2-0: Foul Ball, location: 2F 2-1: Swinging Strike 2-2: Ball 3-2: Base on Balls
|
Batting: RHB Fernando Rivera
|
0-0: Ball 1-0: Called Strike 1-1: Called Strike 1-2: Foul Ball, location: 2F 1-2: Strikes out looking
|
Batting: RHB Jesús Ruano
|
0-0: Called Strike 0-1: Ball 1-1: Swinging Strike 1-2: Strikes out swinging
|
Bottom of the 6th over - 0 runs, 0 hits, 0 errors, 2 left on base; Portland 3 - Charleston 2 |
TOP OF THE 7TH |
Portland Evergreens batting - Pitching for Charleston Battery : RHP John Bailey
|
Batting: RHB Gabrio Campoverde
|
0-0: Foul Ball, location: 2F 0-1: Swinging Strike 0-2: Ball 1-2: Foul Ball, location: 2F 1-2: Ball 2-2: Foul Ball, location: 2F 2-2: Ground out 5-3 (Groundball, 56S)
|
Batting: SHB Willie McGirt
|
0-0: Called Strike 0-1: Foul Ball, location: 2F 0-2: Fly out, F9 (Flyball, 9)
|
Batting: RHB Tae-cho Han
|
0-0: Ball 1-0: Ball 2-0: Called Strike 2-1: Ball 3-1: Base on Balls
|
Batting: LHB Chris Payling
|
0-0: Called Strike 0-1: Called Strike 0-2: Ball 1-2: Fielders Choice at 2nd, 6-4 (Groundball, 6)
|
Top of the 7th over - 0 runs, 0 hits, 0 errors, 1 left on base; Portland 3 - Charleston 2 |
BOTTOM OF THE 7TH |
Charleston Battery batting - Pitching for Portland Evergreens : LHP Shinzo Kumagai
|
Batting: LHB Joey Coco
|
0-0: Ball 1-0: Ball 2-0: Ball 3-0: Base on Balls
|
Pinch Hitting: RHB Mike Case
|
0-0: Bunted foul 0-1: Bunted foul 0-2: Ball 1-2: Ball 2-2: Reached on error, E5 (Groundball, 56) Joey Coco to second
|
Batting: SHB Jasper Morrison
|
0-0: Called Strike Joey Coco steals 3rd base 0-1: Foul Ball, location: 2F 0-2: Ball 1-2: Reached on error, E5 (Groundball, 56) Joey Coco scores Mike Case to second
|
Batting: LHB Spencer Powell
|
0-0: Ball 1-0: Foul Ball, location: 2F 1-1: Ball 2-1: Foul Ball, location: 2F 2-2: Ball 3-2: Foul Ball, location: 2F 3-2: Strikes out swinging
|
Batting: RHB Paco Muńóz
|
0-0: Foul Ball, location: 2F 0-1: Ball 1-1: Called Strike 1-2: Fly out, F6 (Line Drive, 6)
|
Batting: LHB Vicente Gonzáles
|
0-0: Ball 1-0: Called Strike 1-1: Foul Ball, location: 2F 1-2: SINGLE (Groundball, 34D) Mike Case to third Jasper Morrison to second Runner from 3rd tries for Home, SAFE, no throw
|
Pitching: RHP Cristián Moreno
|
|
Batting: RHB Luis Ríos
|
0-0: Swinging Strike 0-1: Foul Ball, location: 2F 0-2: Strikes out swinging
|
Bottom of the 7th over - 2 runs, 1 hit, 2 errors, 2 left on base; Portland 3 - Charleston 4 |
TOP OF THE 8TH |
Portland Evergreens batting - Pitching for Charleston Battery : RHP John Bailey
|
Pitching: RHP Marcos Oquendo
|
|
Now at 2B: Mike Case
|
|
Batting: RHB Blaze Alexander
|
0-0: Called Strike 0-1: Ball 1-1: Ball 2-1: SINGLE (Line Drive, 89S)
|
Batting: SHB Billy Dotson
|
0-0: Swinging Strike 0-1: Swinging Strike 0-2: SINGLE (Groundball, 4) (infield hit) Blaze Alexander to second
|
Batting: RHB Enrique Morales
|
0-0: Ground out 6-3 (Groundball, 6MS) Blaze Alexander to third Billy Dotson to second
|
Pinch Hitting: LHB John Schaefer
|
0-0: Foul Ball, location: 2F 0-1: Ball 1-1: Foul Ball, location: 2F 1-2: Ball 2-2: SINGLE (Line Drive, 89S) Blaze Alexander scores Billy Dotson to third Runner from 3rd tries for Home, SAFE, throw made home
|
Batting: RHB Carlos Cardona
|
0-0: Called Strike 0-1: Ball 1-1: Foul Ball, location: 2F 1-2: Foul Ball, location: 2F 1-2: Foul Ball, location: 2F 1-2: Strikes out swinging
|
Pinch Hitting: LHB John Ennis
|
0-0: Called Strike 0-1: Foul Ball, location: 2F 0-2: Foul Ball, location: 2F 0-2: Ball 1-2: Foul Ball, location: 2F 1-2: Ball 2-2: Foul Ball, location: 2F 2-2: Ground out 4-3 (Groundball, 34)
|
Top of the 8th over - 2 runs, 3 hits, 0 errors, 1 left on base; Portland 5 - Charleston 4 |
BOTTOM OF THE 8TH |
Charleston Battery batting - Pitching for Portland Evergreens : RHP Cristián Moreno
|
Now at 1B: John Ennis
|
|
Now at SS: Ramón Garmendia
|
|
Batting: RHB Fernando Rivera
|
0-0: Ball 1-0: Called Strike 1-1: Fly out, F4 (Line Drive, 4M)
|
Batting: RHB Jesús Ruano
|
0-0: Foul Ball, location: 2F 0-1: Ball 1-1: SINGLE (Groundball, 6MD)
|
Batting: LHB Joey Coco
|
0-0: Called Strike 0-1: Ball 1-1: Called Strike 1-2: Foul Ball, location: 2F 1-2: Ball 2-2: Strikes out looking
|
Batting: RHB Mike Case
|
0-0: Ball 1-0: Ball 2-0: Foul Ball, location: 2F 2-1: Called Strike 2-2: Foul Ball, location: 2F 2-2: Ball 3-2: SINGLE (Line Drive, 6D) Jesús Ruano to second Jesús Ruano to third
|
Batting: SHB Jasper Morrison
|
0-0: Ball 1-0: Foul Ball, location: 2F 1-1: Ball 2-1: Ball 3-1: Ground out 4-3 (Groundball, 4)
|
Bottom of the 8th over - 0 runs, 2 hits, 0 errors, 2 left on base; Portland 5 - Charleston 4 |
TOP OF THE 9TH |
Portland Evergreens batting - Pitching for Charleston Battery : RHP Marcos Oquendo
|
Batting: SHB Willie McGirt
|
0-0: Ball 1-0: Swinging Strike 1-1: Swinging Strike 1-2: Ball 2-2: Ball 3-2: Ground out U3 (Groundball, 3L)
|
Batting: RHB Tae-cho Han
|
0-0: SINGLE (Line Drive, 56D)
|
Batting: LHB Chris Payling
|
0-0: Foul Ball, location: 2F 0-1: Ball 1-1: Foul Ball, location: 2F 1-2: Strikes out swinging
|
Batting: RHB Blaze Alexander
|
0-0: Ball 1-0: Foul Ball, location: 2F 1-1: Ball Wild Pitch! Tae-cho Han to second 2-1: Ball 3-1: Ground out 1-3 (Groundball, P)
|
Top of the 9th over - 0 runs, 1 hit, 0 errors, 1 left on base; Portland 5 - Charleston 4 |
BOTTOM OF THE 9TH |
Charleston Battery batting - Pitching for Portland Evergreens : RHP Cristián Moreno
|
Batting: LHB Spencer Powell
|
0-0: Ball 1-0: Swinging Strike 1-1: Swinging Strike 1-2: Strikes out swinging
|
Batting: RHB Paco Muńóz
|
0-0: Called Strike 0-1: Called Strike 0-2: SINGLE (Flyball, 7LS)
|
Batting: LHB Vicente Gonzáles
|
0-0: Fly out, F9 (Flyball, 9LSF)
|
Batting: RHB Luis Ríos
|
0-0: Called Strike 0-1: Foul Ball, location: 2F 0-2: Ball 1-2: Foul Ball, location: 2F 1-2: Ball 2-2: Ball 3-2: Foul Ball, location: 2F 3-2: Foul Ball, location: 2F 3-2: SINGLE (Flyball, 8RS) Paco Muńóz to second Paco Muńóz to third
|
Batting: RHB Fernando Rivera
|
0-0: Called Strike 0-1: Ball 1-1: Foul Ball, location: 2F 1-2: Ball 2-2: Foul Ball, location: 2F 2-2: Ball 3-2: Strikes out looking
|
Bottom of the 9th over - 0 runs, 2 hits, 0 errors, 2 left on base; Portland 5 - Charleston 4 |
|